 Seeded DCSS version 0.30.1-4-g462c640d31 (webtiles) character file.

Game seed: 13072137714890895578 (custom seed)

36050 kingsuperguy the Executioner (level 13, -14/122 HPs)
             Began as a Hill Orc Monk on Sept 1, 2023.
             Was an Initiate of Gozag.
             Demolished by a juggernaut zombie (39 damage)
             ... on level 15 of the Dungeon.
             The game lasted 00:35:11 (13477 turns).

kingsuperguy the Executioner (Hill Orc Monk)       Turns: 13477, Time: 00:35:12

Health: -14/122    AC: 20    Str: 18    XL:     13   Next: 87%
Magic:  22/22      EV:  8    Int:  9    God:    Gozag
Gold:   3790       SH:  0    Dex: 17    Spells: 10/12 levels left

rFire   . . .        x - +8 frozen axe "Frostbite" {freeze, freezing cloud, *Noise Fly rC+}
rCold   + . .        (shield currently unavailable)
rNeg    . . .        V - +3 plate armour
rPois   .            J - +0 helmet
rElec   .            (no cloak)
rCorr   .            E - +0 pair of gloves
SInv    +            (no boots)
Will    .....        L - amulet "Nuaxzeps" {Regen+ SInv} Stlth
                     K - ring of magical power
HPRegen 1.20/turn    M - ring of wizardry
MPRegen 0.18/turn

%: wizardry (x1)
@: flying, invisible, unable to read
A: agile 1, inability to read after injury 2
a: Renounce Religion, Potion Petition, Call Merchant, Bribe Branch


You were on level 15 of the Dungeon.
You worshipped Gozag.
Gozag was most pleased with you.
You visited 3 branches of the dungeon, and saw 19 of its levels.
You also visited: Bailey.

You collected 3860 gold pieces.
You spent 70 gold pieces at shops.

Inventory:

Hand Weapons
 a - a +0 hand axe
 k - a +2 antimagic mace
 x - the +8 frozen axe "Frostbite" (weapon) {freeze, freezing cloud, *Noise Fly rC+}
   (You found it on level 3 of the Dungeon)

   rC:        It protects you from cold.
   Fly:       It grants you flight.
   *Noise:    It may make noises in combat.
 O - a +2 long sword of electrocution
 P - the +6 glaive of World's End {drain, rC+}
   (You took it off a gnoll in a bailey)

   rC:        It protects you from cold.
Missiles
 U - 3 boomerangs of dispersal (quivered)
Armour
 b - a +0 robe
 d - an orb of light
 e - a +0 buckler
 f - a +0 leather armour
 h - a +0 ring mail
 t - a +0 plate armour
 z - a +0 plate armour
 E - a +0 pair of gloves (worn)
 J - a +0 helmet (worn)
 V - a +3 plate armour (worn)
Jewellery
 c - a ring of flight
 K - a ring of magical power (left hand)
 L - the amulet "Nuaxzeps" (around neck) {Regen+ SInv}
   (You found it on level 7 of the Dungeon)

   [amulet of regeneration]

   SInv:      It lets you see invisible.
   Regen:     It increases your rate of health regeneration.
 M - a ring of wizardry (right hand)
 T - an amulet of the acrobat
Wands
 s - a wand of iceblast (12)
 y - a wand of flame (7)
 N - a wand of polymorph (5)
 Q - a wand of charming (9)
Scrolls
 j - 4 scrolls of magic mapping
 o - 5 scrolls of fog
 p - 6 scrolls of teleportation
 q - a scroll of enchant weapon
 u - 3 scrolls of noise
 v - 2 scrolls of summoning
 B - 2 scrolls of enchant armour
 C - a scroll of brand weapon
 F - a scroll of blinking
 I - a scroll of vulnerability
 W - 4 scrolls of identify
 Y - a scroll of immolation {unknown}
Potions
 g - 5 potions of brilliance
 l - 5 potions of curing
 m - 5 potions of flight
 n - 4 potions of degeneration
 w - a potion of might {unknown}
 A - a potion of haste {unknown}
 G - a potion of cancellation
 H - 4 potions of berserk rage {unknown}
 R - a potion of magic {unknown}
 S - 2 potions of attraction {unknown}
 X - 2 potions of resistance {unknown}


   Skills:
 + Level 13.5 Fighting
 + Level 21.6 Axes
 + Level 1.1 Throwing
 + Level 10.5 Armour
 + Level 5.5 Dodging
 + Level 2.8 Stealth
 + Level 1.3 Shields
 + Level 1.4 Evocations


You had 10 spell levels left.
You knew the following spells:

 Your Spells              Type           Power      Damage    Failure   Level
a - Sting                 Tmut/Pois      0%         1d3       96%         1
b - Magic Dart            Conj           0%         1d3       96%         1

Your spell library contained the following spells:

 Spells                   Type           Power      Damage    Failure   Level
 Freeze                   Ice            0%         1d3       96%         1
 Poisonous Vapours        Pois/Air       0%         N/A       99%         2
 Searing Ray              Conj           0%         2d4       99%         2
 Static Discharge         Conj/Air       0%         2-2/arc   99%         2
 Frozen Ramparts          Ice            0%         1d1       100%        3
 Hailstorm                Conj/Ice       0%         3d3       100%        3
 Mephitic Cloud           Conj/Pois/Air  0%         N/A       100%        3
 Airstrike                Air            0%         2d(0-16)  100%        4
 Fulminant Prism          Conj/Hex       0%         3d5       100%        4
 Olgreb's Toxic Radiance  Pois           0%         N/A       100%        4
 Petrify                  Tmut/Erth      0%         N/A       100%        4
 Summon Lightning Spire   Summ/Air       0%         N/A       100%        4
 Freezing Cloud           Conj/Ice/Air   0%         6-21      100%        5
 Metabolic Englaciation   Hex/Ice        0%         N/A       100%        5
 Statue Form              Tmut/Erth      0%         N/A       100%        6
 Haunt                    Necr/Summ      0%         N/A       100%        7
 Infestation              Necr           0%         N/A       100%        8
 Animate Dead             Necr           Unusable   N/A       N/A         4

Dungeon Overview and Level Annotations

Branches:
Dungeon (15/15)            Temple (0/1) D:6            Lair (2/5) D:10
    Orc (2/2) D:10         Vaults (0/5) D:13         Depths (0/4) D:15
 Bailey (visited)
  Swamp: Lair:2-3    Shoals: Lair:2-3     Snake: Lair:2-3    Spider: Lair:2-3
    Elf: Orc:2

Altars:
Ashenzari
Cheibriados
Gozag
Makhleb
Nemelex Xobeh
Ru
Trog
Uskayaw
Yredelemnul

Shops:
D:3 =*   D:10 [   D:12 !


Innate Abilities, Weirdness & Mutations

You are agile. (Dex +4, Str/Int -1)
You sometimes lose the ability to read scrolls when taking damage.


Message History

Okay, then.
Aiming: Throw Flame
Press: ? - help, Q - select action, (/) - cycle Shift-Dir - straight line, f/p - juggernaut zombie
Aim: a juggernaut zombie (almost destroyed, 100% to hit)
The puff of flame hits the juggernaut zombie.
The juggernaut zombie is almost destroyed.
You feel much better.
You hit the juggernaut zombie but do no damage.
The juggernaut zombie is almost destroyed.
You hit the juggernaut zombie but do no damage.
You hear the roaring winds of a squall.
The juggernaut zombie is almost destroyed.
The juggernaut zombie hits you!!!
* * * LOW HITPOINT WARNING * * *
The juggernaut zombie hits you but does no damage.
You feel much better.
You fade into invisibility!
It was a potion of cancellation.
Your magical effects are unravelling.
You feel magically purged.
You feel less wooden.
Your +0 helmet unmelds from your body.
Your +0 pair of gloves unmelds from your body.
Your +3 plate armour unmelds from your body.
You flicker back into view.
The juggernaut zombie hits you but does no damage. x2
You see here a +0 giant club.
You hit the juggernaut zombie but do no damage.
The juggernaut zombie is almost destroyed.
The juggernaut zombie hits you!!
* * * LOW HITPOINT WARNING * * *
The juggernaut zombie hits you but does no damage.
You slash the juggernaut zombie! You freeze the juggernaut zombie.
The juggernaut zombie is almost destroyed.
You fade into invisibility!
Things that are here:
a +0 dagger; a +0 robe The juggernaut zombie hits you!!!
You die...
Your body crumbles into a pile of gold.

.#..................8..........
.'.............8....>..........
.##.....................8.......
..#.######............8......?...
###.# #........88...$.........
..# #..........$8........... #
..# #........8.....8........ # .#
#...........8........... #
#......@............... +
#.......Z..........### #
#..................# #
....######..###+#..# #### ...
#))#...#..# ...# ..
#..'...#Z.##### ...# .
#.)#...#......# ...#
#..#####......# ...#
.######.............#


You could see a juggernaut zombie (unable to see you).

Vanquished Creatures
  A caustic shrike zombie (D:15)
  8 vault guards (D:13)
  An ogre mage (D:15)
  4 two-headed ogres
  3 boulder beetles
  A spriggan skeleton (D:15)
  A skeletal warrior (D:15)
  An orc knight (D:13)
  A phantasmal warrior (D:15)
  A necromancer (D:15)
  3 deep elf pyromancers
  8 ugly things
  A wolf spider (D:15)
  3 manticores (D:15)
  3 cyclopes
  2 gargoyles
  A cane toad (Lair:2)
  2 unseen horrors
  3 komodo dragons (Lair:1)
  A guardian mummy (D:15)
  2 trolls
  A spriggan zombie (D:15)
  A dream sheep (shapeshifter) (D:15)
  3 shadows
  6 slime creatures
  13 yaks
  3 wraiths
  5 wyverns
  3 basilisks
  A steam dragon (D:10)
  6 vampire mosquitoes
  2 acid dragons
  8 water moccasins
  2 ice beasts
  9 orc warriors
  A black bear (D:10)
  6 ogres
  18 wolves
  5 centaurs
  A phantom (D:5)
  A kobold brigand (D:10)
  10 gnoll sergeants
  4 scorpions
  2 bullfrogs (D:6)
  3 killer bees (D:9)
  3 howler monkeys
  2 lava snakes (D:7)
  5 gnoll boudas (Bailey)
  5 orc priests
  5 hounds
  2 jellies
  5 iguanas
  2 sleepcaps
  10 orc wizards
  A boggart simulacrum (D:14)
  16 gnolls
  9 adders
  A shadow imp (D:9)
  2 white imps (D:6)
  An ufetubus (D:6)
  A worm (D:4)
  3 dart slugs
  60 orcs
  9 endoplasms
  6 giant cockroaches
  9 goblins
  6 hobgoblins
  7 jackals
  5 quokkas
  7 ball pythons
  5 bats
  4 frilled lizards
  18 kobolds
  5 rats
379 creatures vanquished.

Notes
Turn   | Place    | Note
-------+----------+-------------------------------------------
     0 | D:1      | kingsuperguy the Hill Orc Monk began the quest for the Orb.
     0 | D:1      | Reached XP level 1. HP: 19/19 MP: 1/1
   187 | D:1      | Reached XP level 2. HP: 26/27 MP: 2/2
   403 | D:1      | Found a faded altar of an unknown god.
   486 | D:1      | Reached XP level 3. HP: 21/33 MP: 3/3
   771 | D:2      | Reached skill level 5 in Axes
  1217 | D:2      | Reached XP level 4. HP: 35/40 MP: 4/4
  1313 | D:3      | Found Heh Veopt's Jewellery Shop.
  1452 | D:3      | Found Gozag's Platinum Reserve.
  1453 | D:3      | Found an opulent altar of Gozag.
  1474 | D:3      | Became a worshipper of Gozag Ym Sagoz the Greedy
  1686 | D:3      | Found the +8 frozen axe "Frostbite" {freeze, freezing
                  | cloud, *Noise Fly rC+}
  1858 | D:4      | Noticed a scorpion
  1865 | D:4      | Killed a scorpion
  1866 | D:4      | Reached skill level 6 in Axes
  1866 | D:4      | Reached skill level 1 in Armour
  1866 | D:4      | Reached skill level 1 in Shields
  1866 | D:4      | Reached XP level 5. HP: 21/47 MP: 5/5
  2116 | D:4      | Reached XP level 6. HP: 32/53 MP: 6/6
  2227 | D:4      | Reached skill level 7 in Axes
  2748 | D:4      | Found a basalt altar of Yredelemnul.
  2821 | D:5      | Entered Level 5 of the Dungeon
  2955 | D:5      | Reached XP level 7. HP: 57/60 MP: 7/7
  3087 | D:5      | Reached skill level 8 in Axes
  3231 | D:5      | Identified the +7 trident of Insomnia {vamp, rCorr}
  3295 | D:5      | Reached skill level 5 in Fighting
  3504 | D:6      | Reached skill level 9 in Axes
  3738 | D:6      | Found a staircase to the Ecumenical Temple.
  3742 | D:6      | Reached XP level 8. HP: 62/69 MP: 8/8
  4000 | D:6      | Reached skill level 10 in Axes
  4019 | D:6      | Noticed a yak
  4019 | D:6      | Noticed a yak
  4021 | D:6      | Found a hide-covered altar of Uskayaw.
  4021 | D:6      | Noticed a yak
  4022 | D:6      | Noticed a yak
  4029 | D:6      | Killed a yak
  4032 | D:6      | Killed a yak
  4038 | D:6      | Killed a yak
  4039 | D:6      | Reached skill level 11 in Axes
  4046 | D:6      | Killed a yak
  4258 | D:6      | Reached XP level 9. HP: 73/77 MP: 9/9
  4640 | D:7      | Reached skill level 5 in Armour
  4795 | D:7      | Found a sacrificial altar of Ru.
  4991 | D:7      | Reached skill level 12 in Axes
  5237 | D:7      | Identified the amulet "Nuaxzeps" {Regen+ SInv}
  5262 | D:7      | Learned a level 1 spell: Sting
  5484 | D:7      | Found a broken altar of Ashenzari.
  5485 | D:7      | Found a snail-covered altar of Cheibriados.
  5597 | D:8      | Reached skill level 13 in Axes
  5647 | D:8      | Noticed a white ugly thing
  5647 | D:8      | Noticed a hornet
  5923 | D:9      | Found a flagged portal.
  5932 | Bailey   | Entered a bailey
  6030 | Bailey   | Reached skill level 14 in Axes
  6030 | Bailey   | Reached XP level 10. HP: 60/86 MP: 10/10
  6470 | Bailey   | Identified the +6 glaive of World's End {drain, rC+}
  6987 | D:9      | Reached skill level 1 in Stealth
  7375 | D:10     | Entered Level 10 of the Dungeon
  7426 | D:10     | Noticed an unseen horror
  7431 | D:10     | Killed an unseen horror
  7432 | D:10     | Reached skill level 15 in Axes
  7449 | D:10     | Found a staircase to the Orcish Mines.
  7571 | Orc:1    | Entered Level 1 of the Orcish Mines
  7824 | Orc:2    | Entered Level 2 of the Orcish Mines
  7824 | Orc:2    | Found a bloodstained altar of Trog.
  7868 | Orc:1    | Reached skill level 5 in Dodging
  7993 | D:10     | Found Apteup's Armour Shoppe.
  8019 | D:10     | Reached XP level 11. HP: 79/95 MP: 11/11
  8200 | D:10     | Found a staircase to the Lair.
  8208 | D:10     | Reached skill level 16 in Axes
  8386 | D:10     | Found a burning altar of Makhleb.
  8441 | D:10     | Found a sparkling altar of Nemelex Xobeh.
  8529 | Lair:1   | Entered Level 1 of the Lair of Beasts
  8583 | Lair:1   | Learned a level 1 spell: Magic Dart
  8780 | Lair:1   | Reached skill level 10 in Fighting
  8788 | Lair:1   | Reached skill level 17 in Axes
  9911 | D:11     | Noticed a cyclops
 10319 | D:12     | Found Beloam Taus's Distillery.
 10330 | D:12     | Bought a potion of heal wounds for 70 gold pieces
 10344 | D:12     | Gained mutation: Your flesh is heat resistant. (rF+)
                  | [potion of mutation]
 10344 | D:12     | Gained mutation: Your flesh is very heat resistant. (rF++)
                  | [potion of mutation]
 10345 | D:12     | Lost mutation: Your flesh is very heat resistant. (rF++)
                  | [potion of mutation]
 10345 | D:12     | Lost mutation: Your flesh is heat resistant. (rF+) [potion
                  | of mutation]
 10345 | D:12     | Gained mutation: You are partially covered in iridescent
                  | scales. (AC +2) [potion of mutation]
 10345 | D:12     | Gained mutation: You are agile. (Dex +4, Str/Int -1)
                  | [potion of mutation]
 10345 | D:12     | Gained mutation: You have large cloven feet. [potion of
                  | mutation]
 10347 | D:12     | Lost mutation: You have large cloven feet. [potion of
                  | mutation]
 10347 | D:12     | Lost mutation: You are partially covered in iridescent
                  | scales. (AC +2) [potion of mutation]
 10347 | D:12     | Gained mutation: Your muscles are strong. (Str +4, Int/Dex
                  | -1) [potion of mutation]
 10347 | D:12     | Gained mutation: You have a pair of small antennae on your
                  | head. [potion of mutation]
 10347 | D:12     | Gained mutation: You have hidden genetic defects. [potion
                  | of mutation]
 10347 | D:12     | Gained mutation: You have a pair of antennae on your head.
                  | [potion of mutation]
 10439 | D:12     | Reached XP level 12. HP: 88/108 MP: 12/12
 10450 | D:12     | Reached skill level 1 in Evocations
 10453 | D:12     | Lost mutation: You have a pair of antennae on your head.
                  | [potion of mutation]
 10453 | D:12     | Lost mutation: You have a pair of small antennae on your
                  | head. [potion of mutation]
 10453 | D:12     | Gained mutation: You are resistant to electric shocks.
                  | (rElec) [potion of mutation]
 10453 | D:12     | Gained mutation: Your body sometimes deteriorates upon
                  | taking damage. [potion of mutation]
 10453 | D:12     | Gained mutation: You have large cloven feet. [potion of
                  | mutation]
 10454 | D:12     | Lost mutation: Your muscles are strong. (Str +4, Int/Dex
                  | -1) [potion of mutation]
 10454 | D:12     | Lost mutation: Your body sometimes deteriorates upon taking
                  | damage. [potion of mutation]
 10454 | D:12     | Gained mutation: You occasionally lose the ability to read
                  | scrolls when taking damage. [potion of mutation]
 10454 | D:12     | Gained mutation: You sometimes lose your temper in combat.
                  | [potion of mutation]
 10455 | D:12     | Lost mutation: You have large cloven feet. [potion of
                  | mutation]
 10455 | D:12     | Lost mutation: You are resistant to electric shocks.
                  | (rElec) [potion of mutation]
 10455 | D:12     | Lost mutation: You sometimes lose your temper in combat.
                  | [potion of mutation]
 10455 | D:12     | Gained mutation: Your mind is acute. (Int +4, Str/Dex -1)
                  | [potion of mutation]
 10529 | D:12     | Noticed a boulder beetle
 10530 | D:12     | Noticed a two-headed ogre
 10533 | D:12     | Killed a boulder beetle
 10534 | D:12     | Reached skill level 18 in Axes
 10536 | D:12     | Killed a two-headed ogre
 10543 | D:12     | Lost mutation: Your mind is acute. (Int +4, Str/Dex -1)
                  | [hidden defects]
 11351 | D:13     | Noticed a two-headed ogre
 11359 | D:13     | Killed a two-headed ogre
 11379 | D:13     | Gained mutation: You sometimes lose the ability to read
                  | scrolls when taking damage. [hidden defects]
 11379 | D:13     | Lost mutation: You have hidden genetic defects. [hidden
                  | defects expressed]
 11495 | D:13     | Noticed a vault guard
 11605 | D:13     | Noticed a vault guard
 11612 | D:13     | Noticed a vault guard
 11640 | D:13     | Reached skill level 19 in Axes
 11702 | D:13     | Noticed a vault guard
 11712 | D:13     | Noticed a vault guard
 11714 | D:13     | Killed a vault guard
 11719 | D:13     | Killed a vault guard
 11724 | D:13     | Killed a vault guard
 11728 | D:13     | Killed a vault guard
 11730 | D:13     | Noticed a vault guard
 11793 | D:13     | Killed a vault guard
 11837 | D:13     | Noticed a vault guard
 11861 | D:13     | Killed a vault guard
 11996 | D:13     | Reached XP level 13. HP: 118/118 MP: 13/13
 12005 | D:13     | Found a gate to the Vaults.
 12084 | D:13     | Noticed a vault guard
 12093 | D:13     | Killed a vault guard
 12094 | D:13     | Reached skill level 20 in Axes
 12272 | D:13     | Killed a vault guard
 12414 | D:14     | You are sucked into a shaft and drop 1 floor!
 12414 | D:15     | Entered Level 15 of the Dungeon
 12638 | D:15     | Reached skill level 1 in Throwing
 12982 | D:15     | Paralysed by an ogre mage for 3 turns
 12992 | D:15     | Reached skill level 21 in Axes
 12996 | D:15     | Reached skill level 10 in Armour
 13175 | D:15     | Found a bloodstained altar of Trog.
 13401 | D:15     | Found a staircase to the Depths.
 13451 | D:15     | HP: 2/183 [juggernaut zombie (44)]
 13477 | D:15     | Demolished by a juggernaut zombie

Illustrated notes

Levels and vault maps discovered:
D:1:      saegor_arrival_simple_e, layout_rooms,
          dilly_ecumenical_altar_fadedgnrine
D:2:      layout_basic, serial_park_tiny_1, chequers_big_river, minmay_tall_x
D:3:      layout_basic, nicolae_gozag_zags_fifth_avenue, serial_shops, shop
D:4:      cheibrodos_old_hovel, layout_loops_ring, mainiacjoe_overflow_brackets
D:5:      layout_loops_ring
D:6:      layout_loops_ring, nicolae_uskayaw_murder_on_the_dancefloor,
          minmay_temple_entry_nine_rooms, nrook_campfire
D:7:      layout_gridville, nicolae_overflow_two_pavilions,
          amcnicky_altar_gilded
D:8:      cheibrodos_fzero, layout_loops_corners,
          mainiacjoe_overflow_concentric_impassable,
          nicolae_overflow_hallway_of_the_gods, nicolae_dithmenos_the_darkroom
D:9:      layout_loops_ring, enter_bailey_3
D:10:     layout_loops_ring, nemelex_spade_bored_becter, lightli_temple_of_fire,
          minmay_lair_entry_grove, serial_shops,
          nicolae_shop_temple_entry_statues_fountains, minmay_liquid_box
D:11:     layout_roguey
D:12:     layout_basic, serial_shops, shop, nicolae_straight_to_the_point
D:13:     layout_basic, erik_vaults_2
D:14:     layout_big_octagon, kennysheep_small_spiral
D:15:     gammafunk_depths_entry_grave, layout_irregular_city,
          hangedman_decor_clover_reticule, trog_butcher_becter
Lair:1:   layout_loops_ring, lemuel_fruit_fields
Lair:2:   layout_chaotic_city, nicolae_spider_entry_orb_guardian
Orc:1:    layout_diamond_mine, uniq_jorgrun
Orc:2:    st_orc_open, layout_caves, basic_altar, nicolae_orc_rockfall

Skill      XL: |  1  2  3  4  5  6  7  8  9 10 11 12 13 |
---------------+----------------------------------------+-----
Fighting       | 4 5 6 7 8 10 12 13 | 13.5
Axes           | 5 6 7 9 11 14 15 17 19 21 | 21.6
Armour         | 1 2 3 4 5 7 8 9 10 | 10.5
Dodging        | 3 4 5 |  5.5
Shields        | 1 |  1.3
Stealth        | 1 2 |  2.8
Evocations     | 1 |  1.4
Throwing       | 1 |  1.1

Action                     |  1- 3 |  4- 6 |  7- 9 | 10-12 | 13-15 || total
---------------------------+-------+-------+-------+-------+-------++-------
  Melee: Hand axe          |   139 |    71 |       |       |       ||   210
         Executioner's axe |       |    68 |   147 |   330 |   150 ||   695
  Throw: Dart              |       |       |       |     4 |       ||     4
         Throwing net      |       |       |       |     1 |     1 ||     2
         Boomerang         |       |       |       |       |     2 ||     2
   Cast: Magic Dart        |       |       |       |     2 |       ||     2
  Evoke: Wand              |       |       |       |     7 |     5 ||    12
    Use: Potion            |     1 |       |     1 |     9 |    11 ||    22
         Scroll            |       |       |       |    15 |       ||    15
   Stab: Distracted        |       |     1 |       |     3 |       ||     4
         Held in net/web   |       |       |       |     1 |       ||     1
 Armour: Robe              |    11 |       |       |       |       ||    11
         Leather armour    |     4 |       |       |       |       ||     4
         Ring mail         |    32 |    41 |    72 |    92 |       ||   237
         Plate armour      |       |       |       |    21 |    47 ||    68
         Skin              |       |       |       |       |    27 ||    27
  Dodge: Dodged            |    90 |    89 |   111 |   225 |    22 ||   537
  Block: Buckler           |    18 |    14 |       |       |       ||    32
